 Dungeon Crawl Stone Soup version 0.23-a0-389-g4a5eb33 (webtiles) character file.

79 MisterFreud the Slasher (level 4, -1/39 HPs)
             Began as a Minotaur Abyssal Knight on Oct 29, 2018.
             Was a Believer of Lugonu.
             Killed from afar by Terence (8 damage)
             ... with a wand of flame (17)
             ... on level 2 of the Dungeon.
             The game lasted 00:02:04 (1444 turns).

MisterFreud the Slasher (Minotaur Abyssal Knight)   Turns: 1444, Time: 00:02:05

Health: -1/39      AC:  3    Str: 18    XL:     4   Next: 16%
Magic:  4/4        EV: 11    Int:  9    God:    Lugonu [**....]
Gold:   94         SH:  2    Dex:  9    Spells: 3/3 levels left

rFire    . . .     SeeInvis .   a - +1 falchion
rCold    . . .     Gourm    .   (no shield)
rNeg     . . .     Faith    .   b - +0 leather armour
rPois    .         Spirit   .   (helmet restricted)
rElec    .         Reflect  +   (no cloak)
rCorr    .         Harm     .   (no gloves)
MR       .....                  (no boots)
Stlth    +.........             h - +2 amulet of reflection
HPRegen  0.13/turn              (no ring)
MPRegen  0.09/turn              (no ring)

@: no status effects
A: retaliatory headbutt, horns 2
a: Depart the Abyss, Bend Space, Renounce Religion


You were on level 2 of the Dungeon.
You worshipped Lugonu.
Lugonu was pleased with you.
You were not hungry.

You visited 1 branch of the dungeon, and saw 2 of its levels.
You visited the Abyss 1 time.

You collected 94 gold pieces.

Inventory:

Hand Weapons
 a - a +1 falchion (weapon)
Missiles
 e - 28 stones (quivered)
 f - 19 sling bullets
 i - 27 arrows
 o - 17 poisoned needles
 p - 6 tomahawks
Armour
 b - a +0 leather armour (worn)
Jewellery
 h - a +2 amulet of reflection (around neck)
Scrolls
 k - a scroll of teleportation {unknown}
 l - a scroll of enchant weapon {unknown}
 m - 2 scrolls of enchant armour {unknown}
 n - a scroll of identify {unknown}
 q - a scroll of random uselessness {unknown}
Potions
 d - a potion of cancellation {unknown}
 g - a potion of heal wounds {unknown}
 j - a potion of might {unknown}
Comestibles
 c - 5 rations
 r - 2 chunks of flesh


   Skills:
 - Level 3.6 Fighting
 + Level 5.4 Long Blades
 - Level 2.4 Armour
 - Level 1.1 Dodging
 - Level 1.7 Invocations


You had 3 spell levels left.
You didn't know any spells.
Your spell library was empty.

Dungeon Overview and Level Annotations

Branches:
Dungeon (2/15)

Altars:

Annotations:
D:2 Terence


Innate Abilities, Weirdness & Mutations

You reflexively headbutt those who attack you in melee.
You have a pair of horns on your head.


Message History

You hit Terence but do no damage. You headbutt Terence!
Terence is heavily wounded.
Terence hits you with a +3 mace of protection.
Terence closely misses you.
You barely miss Terence. Your headbutt misses Terence.
Terence is heavily wounded.
Terence hits you with a +3 mace of protection.
* * * LOW HITPOINT WARNING * * *
You barely miss Terence.
Terence is heavily wounded.
Terence closely misses you.
You riposte.
You slash Terence!
Terence is almost dead.
You hit Terence but do no damage.
Terence is almost dead.
Terence looks scornfully at you. Terence misses you.
You hit Terence but do no damage.
Terence is almost dead.
Terence closely misses you.
Terence zaps a wand.
The puff of flame hits you!
You die...

..##########
#..........#
..########.#
...#######.## ####
.......)....####..
....##.###..#.....
.##.##.# #..#.##.#
.##.##.###..<.##@# #.##
.##.##...##.####@##
#... .
#.####.#...##...## #..#
#........#.......##
#..#
######.#..........#
#..# #.##.#.......#
#..# #.##.#.#..<#.##
#..#
#.##.#.##.#.#.######..#
#.##.#.###.###....##..#
#.##.#.# ##.#.#...##..#


You could see Terence.

Vanquished Creatures
  4 adders (D:2)
  2 leopard geckos (D:1)
  3 giant cockroaches
  4 goblins
  6 hobgoblins
  A quokka (D:2)
  A ball python (D:2)
  6 bats (D:1)
  A frilled lizard (D:1)
  7 kobolds
  4 rats
39 creatures vanquished.

Notes
Turn   | Place    | Note
-------+----------+-------------------------------------------
     0 | Abyss:1  | MisterFreud the Minotaur Abyssal Knight began the quest for
                  | the Orb.
     0 | Abyss:1  | Reached XP level 1. HP: 19/19 MP: 1/1
    17 | D:1      | Escaped the Abyss
    55 | D:1      | Reached skill level 3 in Long Blades
   142 | D:1      | Reached XP level 2. HP: 7/26 MP: 2/2
   549 | D:1      | Reached skill level 4 in Long Blades
  1037 | D:2      | Reached XP level 3. HP: 29/31 MP: 3/3
  1142 | D:2      | Reached ** piety under Lugonu
  1238 | D:2      | Reached skill level 5 in Long Blades
  1299 | D:2      | Reached XP level 4. HP: 30/39 MP: 4/4
  1433 | D:2      | Noticed Terence
  1444 | D:2      | Killed from afar by Terence

Vault maps used:
D:1:      mrwooster_arrival_arrow, kennysheep_small_spiral,
          minmay_tiny_reverse_x
D:2:      uniq_terence

Skill      XL: |  1  2  3 |
---------------+----------+-----
Long Blades    | 3 4 5 |  5.4
Fighting       | |  3.6
Armour         | |  2.4
Dodging        | |  1.1
Invocations    | |  1.7

Action                   |  1- 3 |  4- 6 || total
-------------------------+-------+-------++-------
Melee: Falchion          |    70 |    20 ||    90
       Headbutt          |     7 |     3 ||    10
  Eat: Chunk             |     1 |     1 ||     2
Armor: Leather armour    |    17 |     3 ||    20
Dodge: Dodged            |    42 |    10 ||    52
Block: Other             |     4 |     1 ||     5
       Reflection        |       |     1 ||     1
       Rpst.: Falchion   |     7 |     2 ||     9

Table legend:
 A = Non-vault XP
 B = Vault XP
 C = Vault XP percentage of total XP
 D = Non-vault monster count
 E = Vault monster count
 F = Vault count percentage of total count
                 A         B        C        D         E       F
            +---------+---------+-------+---------+---------+-------
      Total |     111 |       2 |   1.8 |      37 |       2 |   5.1
            +---------+---------+-------+---------+---------+-------
        D:1 |      36 |       2 |   5.3 |      20 |       2 |   9.1
        D:2 |      75 |       0 |   0.0 |      17 |       0 |   0.0
            +---------+---------+-------+---------+---------+-------
